 Dungeon Crawl Stone Soup version 0.29.1-12-g30fa7ad0bf (webtiles) character file.

Game seed: 4787148076724576240

256 fantasyman the Conjurer (level 5, -6/38 HPs)
             Began as a Demigod Conjurer on Dec 20, 2022.
             Mangled by an ice beast (14 damage)
             ... on level 5 of the Dungeon.
             The game lasted 00:05:57 (5948 turns).

fantasyman the Conjurer (Demigod Conjurer)          Turns: 5948, Time: 00:05:58

Health: -6/38      AC:  3    Str:  8    XL:     5   Next: 60%
Magic:  12/12      EV: 12    Int: 24    God:
Gold:   197        SH:  0    Dex: 12    Spells: 6/9 levels left

rFire   . . .      SeeInvis .   d - +1 short sword (drain)
rCold   . . .      Faith    .   (no shield)
rNeg    . . .      Spirit   .   a - +1 robe
rPois   .          Reflect  .   (no helmet)
rElec   .          Harm     .   (no cloak)
rCorr   .          Rampage  .   (no gloves)
Will    .....                   (no boots)
Stlth   ++........              (no amulet)
HPRegen 0.12/turn               (no ring)
MPRegen 0.13/turn               (no ring)

@: no status effects
A: high MP 1, forlorn, divine attributes
a: no special abilities


You were on level 5 of the Dungeon.
You visited 1 branch of the dungeon, and saw 5 of its levels.

You collected 197 gold pieces.

Inventory:

Hand Weapons
 d - a +1 short sword of draining (weapon)
Missiles
 g - 2 throwing nets
Armour
 a - a +1 robe (worn)
Scrolls
 h - a scroll of vulnerability
 o - a scroll of teleportation
Potions
 b - a potion of magic
 c - 2 potions of resistance
 f - a potion of ambrosia {unknown}
 i - a potion of flight
 j - 2 potions of lignification {unknown}
 k - a potion of curing {unknown}
 l - a potion of might {unknown}


   Skills:
 + Level 2.0 Dodging
 + Level 3.3 Stealth
 + Level 2.8 Spellcasting
 + Level 5.4 Conjurations


You had 6 spell levels left.
You knew the following spells:

 Your Spells              Type           Power      Damage    Failure   Level
a - Magic Dart            Conj           100%       1d8       1%          1
b - Searing Ray           Conj           58%        2d6       1%          2

Your spell library contained the following spells:

 Spells                   Type           Power      Damage    Failure   Level
 Dazzling Flash           Conj/Hex       32%        N/A       11%         3
 Summon Guardian Golem    Hex/Summ       3%         N/A       32%         3
 Fulminant Prism          Conj/Hex       8%         3d7       36%         4
 Iskenderun's Mystic Bla  Conj/Tloc      16%        2d5       36%         4
 Orb of Destruction       Conj           14%        9d7       100%        7
 Spellforged Servitor     Conj/Summ      8%         N/A       100%        7


Dungeon Overview and Level Annotations

Branches:
Dungeon (5/15)
 Temple: D:4-7

Shops:
D:3 (

Annotations:
D:3 2 transporters


Innate Abilities, Weirdness & Mutations

You have an increased reservoir of magic. (+10% MP)
You shall have no god before yourself.
Your divine heritage dramatically boosts your attributes as you level up.


Message History

There is an open door here.
There is an open door here.
There is an open door here.
There is an open door here.
As you open the door, it creaks loudly!
Done exploring.
Done exploring.
(D) Dungeon
Where to? (Enter - D:4, ? - help)
What level of the Dungeon? (default 1, ? - help)
There is an open door here.
There is an open door here.
There is a stone staircase leading down here.
You climb downwards.
Found a glowing short sword.
There is a stone staircase leading up here.
Blink to where?
Press: ? - help, Dir - move target
As you read the scroll labelled PIXIT REOMOIPP, it crumbles to dust.
It was a scroll of blinking.
As you read the scroll labelled DIERHE TEGINLE, it crumbles to dust.
It is a scroll of brand weapon.
You aren't carrying any weapons that can be branded.
You see here a +1 short sword of draining.
d - a +1 short sword of draining You sense an unholy aura.
d - a +1 short sword of draining (weapon)
An ice beast comes into view.
An ice beast is nearby!
The ice beast attacks as you move away! The ice beast hits you.
The ice beast freezes you! The ice beast attacks as you move away!
The ice beast hits you but does no damage.
The ice beast attacks as you move away! The ice beast hits you.
The ice beast freezes you!
* * * LOW HITPOINT WARNING * * *
The ice beast attacks as you move away! The ice beast hits you.
* * * LOW HITPOINT WARNING * * *
The ice beast freezes you!
You die...

## .. #. #. #.
#.#####################
#....Y@................
###########...........#
#...........+
#...........#
#...........+
#...........#
#...........#
#...........#
#.#........<.


You could see an ice beast.

Vanquished Creatures
  A kobold brigand (D:4)
  A hound (D:4)
  7 adders
  An ufetubus (D:4)
  2 worms (D:3)
  2 dart slugs
  5 orcs
  4 bats
  6 endoplasms
  4 giant cockroaches
  9 goblins
  5 hobgoblins
  4 jackals (D:4)
  4 quokkas
  7 ball pythons
  6 frilled lizards
  4 kobolds
  3 rats
75 creatures vanquished.

Notes
Turn   | Place    | Note
-------+----------+-------------------------------------------
     0 | D:1      | fantasyman the Demigod Conjurer began the quest for the
                  | Orb.
     0 | D:1      | Reached XP level 1. HP: 14/14 MP: 5/5
   650 | D:1      | Reached skill level 4 in Conjurations
   710 | D:1      | Reached XP level 2. HP: 20/20 MP: 4/7
   743 | D:1      | Learned a level 2 spell: Searing Ray
  1589 | D:2      | Reached XP level 3. HP: 26/26 MP: 4/8
  2695 | D:2      | Reached XP level 4. HP: 32/33 MP: 5/9
  3067 | D:2      | Reached skill level 5 in Conjurations
  3226 | D:3      | Found a transporter.
  3347 | D:3      | Found a transporter.
  3658 | D:3      | Found Comull's Weapon Emporium.
  4038 | D:3      | Noticed a kobold demonologist
  4613 | D:4      | Noticed a kobold brigand
  4624 | D:4      | Reached XP level 5. HP: 25/38 MP: 4/11
  5916 | D:5      | Entered Level 5 of the Dungeon
  5943 | D:5      | Noticed an ice beast
  5948 | D:5      | Mangled by an ice beast

Illustrated notes

Levels and vault maps discovered:
D:1:      shiori_shiawase, layout_basic, hangedman_decor_diamond_cutter
D:2:      layout_basic, hellmonk_ecumenical_altar_defaced_shrine
D:3:      gammafunk_wand_slinger, layout_basic, serial_shops,
          nicolae_shop_bloodbath_and_beyond
D:4:      layout_loops_cross, nicolae_overflow_squiral,
          mainiacjoe_overflow_24_doors
D:5:      layout_basic, regret_index_temple_of_mockery,
          mainiacjoe_overflow_alcove_1, serial_shops, shop, uniq_blork_the_orc

Skill      XL: |  1  2  3  4  5 |
---------------+----------------+-----
Conjurations   | 4 5 |  5.4
Stealth        | 2 3 |  3.3
Spellcasting   | 2 |  2.8
Dodging        | 2 |  2.0

Action                   |  1- 3 |  4- 6 || total
-------------------------+-------+-------++-------
 Cast: Magic Dart        |    61 |    76 ||   137
       Searing Ray       |     8 |     5 ||    13
  Use: Scroll            |     1 |     8 ||     9
       Potion            |       |     2 ||     2
Armor: Robe              |     1 |     3 ||     4
Dodge: Dodged            |    10 |     9 ||    19
